 Dungeon Sprint DCSS version 0.30-a0-808-g6e0788376e (webtiles) character file.

Game seed: 15305756693049330873

182 rocky1 the Zephyrmancer (level 5, 0/42 HPs)
             Began as a Tengu Air Elementalist on Feb 26, 2023.
             Was a Believer of Sif Muna.
             Slain by a sky beast (6 damage)
             ... in the Dungeon (Sprint VII: "The Pits").
             The game lasted 00:01:48 (765 turns).

rocky1 the Zephyrmancer (Tengu Air Elementalist)     Turns: 765, Time: 00:01:49

Health: 0/42       AC:  2    Str:  9    XL:     5   Next: 61%
Magic:  7/10       EV: 14    Int: 17    God:    Sif Muna [**....]
Gold:   0          SH:  0    Dex: 14    Spells: 9/10 levels left

rFire   . . .      SeeInvis .    l - +1 long sword (holy)
rCold   . . .      Faith    .    (no shield)
rNeg    . . .      Spirit   .    a - +0 robe
rPois   .          Reflect  .    (helmet restricted)
rElec   .          Harm     .    (no cloak)
rCorr   .          Rampage  .    (no gloves)
Will    .....      NoTele   +    (boots unavailable) Stlth
                                 (no amulet)
HPRegen 0.27/turn                (no ring)
MPRegen 0.12/turn                (no ring)

@: berserking (expiring), flying quickly and evasively, hasted, invisible
(expiring), very quick
A: beak, talons 3, nimble flight
a: Renounce Religion, Channel Magic


You were in the Dungeon.
You worshipped Sif Muna.
Sif Muna was pleased with you.
You visited 1 branch

Inventory:

Hand Weapons
 k - a +2 falchion
 l - a +1 long sword of holy wrath (weapon)
Armour
 a - a +0 robe (worn)
Scrolls
 g - a scroll of blinking
 i - 5 scrolls of amnesia
 j - a scroll of summoning
Potions
 b - 5 potions of magic
 c - 6 potions of curing
 d - 5 potions of heal wounds
 f - a potion of berserk rage
 h - a potion of invisibility


   Skills:
 - Level 2.1 Dodging
 - Level 2.0 Stealth
 - Level 3.2 Spellcasting
 - Level 3.9 Conjurations
 * Level 13.7 Air Magic


You had 9 spell levels left.
You knew the following spells:

 Your Spells              Type           Power      Damage    Failure   Level
a - Shock                 Conj/Air       100%       1d9       1%          1

Your spell library contained the following spells:

 Spells                   Type           Power      Damage    Failure   Level
 Static Discharge         Conj/Air       64%        2-5/arc   1%          2
 Swiftness                Air            49%        N/A       1%          3
 Airstrike                Air            24%        2d(4-20)  1%          4


Dungeon Overview and Level Annotations

Branches:
Dungeon (1/1)

Altars:
Ashenzari
Cheibriados
Dithmenos
Elyvilon
Fedhas
Gozag
Hepliaklqana
Kikubaaqudgha
Makhleb
Nemelex Xobeh
Okawaru
Qazlal
Ru
Sif Muna
Trog
Uskayaw
Vehumet
Wu Jian
Xom
Yredelemnul
Zin
The Shining One
Jiyva
Lugonu

Annotations:
D Prince Ribbit


Innate Abilities, Weirdness & Mutations

You have a beak for a mouth.
You have claws for feet.
Your magical nature lets you fly swiftly and evasively.


Message History

Prince Ribbit is moderately wounded.
Something barely misses you.
You fade into invisibility!
Something hits you. Something shocks you.
Prince Ribbit blinks!
You feel yourself speed up. Something hits you. Something shocks you.
You feel much better.
A red film seems to cover your vision as you go berserk!
You feel yourself moving faster!
You feel mighty! Something hits you. Something shocks you.
You barely miss something. Your kick misses something.
Your peck misses something. Something hits you. Something shocks you.
You miss something. Your kick misses something.
Something hits you but does no damage.
The sky beast flickers out of sight!
You closely miss something. Your peck misses something.
Something barely misses you.
A bullfrog comes into view.
You closely miss something. Your kick misses something.
The bullfrog gives a loud, deep croak!
Something barely misses you.
You miss something. Your kick misses something. Your peck misses something.
The bullfrog croaks.
Something barely misses you.
You closely miss something.
The bullfrog croaks.
Something hits you. Something shocks you.
You barely miss something. Your kick misses something. Something hits you.
* * * LOW HITPOINT WARNING * * *
Something shocks you.
* * * LOW HITPOINT WARNING * * *
A sky beast appears from thin air!
Reactivating autopickup.
Deactivating autopickup; reactivate with Ctrl-A.
You miss something. You slash something! You claw something.
Your peck misses something.
You flicker for a moment.
Something barely misses you.
You miss something. Your kick misses something. Something hits you.
* * * LOW HITPOINT WARNING * * *
Something shocks you.
You die...

##########'##.....
#.?(.')))'.##.....
##########.##.....
#...........'.....
#'#####)#####.....
#.#..#...'.##.....
#.#..#...#.#####'#
#.#.)#####รท##.....
#@#..'...#.##.....
#{#..'...'.##.....
#h#..########...<.
#Y#..'[))).##.....
#F#..#[).).##.....
#F###########.....
#.. ###### #...
#...#


You could see Prince Ribbit (unable to see you), a warg, a sky beast (unable to
see you) and a bullfrog (wandering, unable to see you).

Vanquished Creatures
  A floating eye (D)
  A necrophage (D)
  A gnoll (D)
  A river rat (D)
  A bat (D)
  An endoplasm (D)
  A hobgoblin (D)
  2 jackals (D)
  A kobold (D)
10 creatures vanquished.

Notes
Turn   | Place    | Note
-------+----------+-------------------------------------------
     0 | D        | rocky1 the Tengu Air Elementalist began the quest for the
                  | Orb.
     0 | D        | Reached XP level 1. HP: 10/10 MP: 4/4
    61 | D        | Found a bloodstained altar of Trog.
    61 | D        | Found a shimmering blue altar of Sif Muna.
    61 | D        | Found a viscous altar of Jiyva.
    61 | D        | Found a hazy altar of Hepliaklqana.
    61 | D        | Found an opulent altar of Gozag.
    62 | D        | Found a glowing golden altar of the Shining One.
    62 | D        | Found a glowing silver altar of Zin.
    62 | D        | Found a basalt altar of Yredelemnul.
    62 | D        | Found a shimmering altar of Xom.
    62 | D        | Found an ornate altar of the Wu Jian Council.
    62 | D        | Found a sacrificial altar of Ru.
    62 | D        | Found a stormy altar of Qazlal.
    62 | D        | Found an iron altar of Okawaru.
    62 | D        | Found a sparkling altar of Nemelex Xobeh.
    62 | D        | Found a burning altar of Makhleb.
    62 | D        | Found a blossoming altar of Fedhas.
    62 | D        | Found a white marble altar of Elyvilon.
    62 | D        | Found a shadowy altar of Dithmenos.
    62 | D        | Found a snail-covered altar of Cheibriados.
    65 | D        | Found a corrupted altar of Lugonu.
    65 | D        | Found a radiant altar of Vehumet.
    66 | D        | Found an ancient bone altar of Kikubaaqudgha.
    66 | D        | Found a hide-covered altar of Uskayaw.
    66 | D        | Found a broken altar of Ashenzari.
    67 | D        | Became a worshipper of Sif Muna the Loreminder
   114 | D        | Reached skill level 5 in Air Magic
   114 | D        | Reached XP level 2. HP: 11/15 MP: 1/6
   160 | D        | Reached * piety under Sif Muna
   162 | D        | Reached skill level 6 in Air Magic
   296 | D        | Reached ** piety under Sif Muna
   297 | D        | Reached XP level 3. HP: 18/19 MP: 3/8
   358 | D        | Noticed a floating eye
   359 | D        | Noticed a necrophage
   362 | D        | Paralysed by a floating eye for 3 turns
   367 | D        | Paralysed by a floating eye for 2 turns
   370 | D        | Killed a floating eye
   371 | D        | Reached skill level 11 in Air Magic
   371 | D        | Reached XP level 4. HP: 18/24 MP: 9/9
   371 | D        | Gained mutation: Your magical nature lets you fly swiftly
                  | and evasively. [Tengu growth]
   371 | D        | Reached XP level 5. HP: 21/28 MP: 10/10
   378 | D        | Reached skill level 13 in Air Magic
   742 | D        | Noticed a warg
   742 | D        | Noticed Prince Ribbit
   742 | D        | Noticed a sky beast
   749 | D        | Noticed a sky beast
   765 | D        | Slain by a sky beast

Illustrated notes

Levels and vault maps discovered:
D:        pitsprint [storerooms_1, entrance_room_1, metal_vault_1, armoury_1,
          mini_pit_1, grid_room_1, main_hall_1, silver_pit, the_coven_1,
          the_vestibule_1, steel_vault_2, golden_pit, hallway_of_sentries,
          crystal_vault_4, iron_vault_1, final_vault]

Skill      XL: |  1  2  3  4  5 |
---------------+----------------+-----
Conjurations   | 3 |  3.9
Air Magic      | 5 6 11 13 | 13.7
Spellcasting   | 3 |  3.2
Dodging        | |  2.1
Stealth        | |  2.0

Action                     |  1- 3 |  4- 6 || total
---------------------------+-------+-------++-------
  Melee: Falchion          |     8 |     7 ||    15
         Peck              |     1 |     1 ||     2
         Long sword        |       |    10 ||    10
         Kick              |       |     3 ||     3
         Punch             |       |     1 ||     1
   Cast: Shock             |    13 |     5 ||    18
    Use: Potion            |     1 |     4 ||     5
 Armour: Robe              |     2 |     1 ||     3
  Dodge: Dodged            |     5 |     9 ||    14

Table legend: (Time is in decaauts)
 A = Elapsed time spent in this place.
 B = Non-inter-level travel time spent in this place.
 C = Inter-level travel time spent in this place.
 D = Time resting spent in this place.
 E = Time spent auto-exploring this place.
 F = Levels seen in this place.
 G = Mean time per level.
                   A        B        C        D        E       F      G
               +--------+--------+--------+--------+--------+-----+--------+
         Total |    769 |    751 |     18 |    574 |      0 |   1 |  769.0 |
       Dungeon |    769 |    751 |     18 |    574 |      0 |   1 |  769.0 |
               +--------+--------+--------+--------+--------+-----+--------+

Top non-repeatable levels by time:
       D: 769 daAuts
